 Dungeon Crawl Stone Soup version 0.20.1-1-g8b1a95d (webtiles) character file.

172 Nattfarinn the Covert (level 5, -4/35 HPs)
             Began as an Octopode Assassin on Aug 2, 2017.
             Slain by an ice beast (14 damage)
             ... on level 3 of the Dungeon.
             The game lasted 00:06:03 (2274 turns).

Nattfarinn the Covert (Octopode Assassin)           Turns: 2274, Time: 00:06:03

Health: -4/35      AC:  1    Str: 11    XL:     5   Next: 52%
Magic:  5/5        EV: 13    Int: 11    God:
Gold:   64         SH:  0    Dex: 16    Spells: 4/4 levels left

rFire    . . .     SeeInvis .   a - +2 dagger
rCold    . . .     Gourm    .   (no shield)
rNeg     . . .     Faith    .   (helmet restricted)
rPois    +         Spirit   .   (no amulet)
rElec    .         Reflect  .   (no ring)
rCorr    .         Harm     .   (no ring)
MR       .....                  (no ring)
Stlth    +++++.....             (no ring)
Regen    0.2/turn               (no ring)
MPRegen  0.1/turn               (no ring)
                                (no ring)
                                (no ring)

@: flying
A: almost no armour, stealthy swim, amphibious, 8 rings, constrict 8, fangs 1,
camouflage 1, agile 1, dopey 1, poison resistance, gelatinous body 1
a: no special abilities


You were on level 3 of the Dungeon.
You were not hungry.

You visited 1 branch of the dungeon, and saw 3 of its levels.

You collected 64 gold pieces.

Inventory:

Hand Weapons
 a - a +2 dagger (weapon)
 b - a +0 blowgun
Missiles
 c - 24 poisoned needles
 d - 2 curare-tipped needles
Scrolls
 h - a scroll of fear {unknown}
 i - 2 scrolls of remove curse {unknown}
 k - a scroll of teleportation {unknown}
 p - a scroll of fog {unknown}
Potions
 e - a potion of curing
 l - 2 potions of mutation
 n - 2 potions of flight
 o - a potion of cancellation {unknown}
Comestibles
 f - 2 bread rations
 g - a meat ration
 j - 3 fruits


   Skills:
 * Level 2.5 Fighting
 + Level 2.8 Short Blades
 - Level 2.0 Throwing
 - Level 1.0 Dodging
 * Level 8.3 Stealth


You had 4 spell levels left.
You didn't know any spells.

Dungeon Overview and Level Annotations

Branches:
Dungeon (3/15)

Altars:


Innate Abilities, Weirdness & Mutations

You cannot wear most types of armour.
You are very stealthy in the water. (Stealth+)
You are amphibious.
You can wear up to eight rings at the same time.
You can use your tentacles to constrict eight enemies at once.
Your skin changes colour to match your surroundings (Stealth+).
Your rubbery body absorbs attacks. (AC +1, EV +1)
You have very sharp teeth.
You are agile. (Dex +2)
You are dopey. (Int -2)
Your system is resistant to poisons. (rPois)


Message History

You completely miss the ice beast. Your squeeze misses the ice beast.
The ice beast hits you. The ice beast freezes you!
* * * LOW HITPOINT WARNING * * *
It was a potion of mutation.
You feel extremely strange.
You feel resistant to poisons.
You feel stupid.
You feel agile.
Your teeth lengthen and sharpen.
The ice beast barely misses you.
Unknown command.
It was a potion of flight.
You feel very buoyant.
You fly up into the air.
The ice beast barely misses you.
A bat, a giant cockroach and an orc come into view.
Found a scroll labeled ILULEQ ELOUPY.
A bat comes into view.
The bat hits you but does no damage. The bat barely misses you.
It was a potion of curing.
You feel better. The bat closely misses you. The ice beast hits you.
* * * LOW HITPOINT WARNING * * *
The ice beast freezes you!
You die...

.(....# ## ... . ##.####
##..?.o...#.# #...#
#.#.....s.#.#.# #...#
#.#..#........ #.†.#
.........#.#
#...#####..#...b..#
#..........###..#.# b
.......)........#.##....
........(..###.Y@.......
..........## ####.##....
#......>..# ... .
#...####### .##.# #...#
.# # #...### .# #.....#
## #####.# ##.#


You could see an ice beast, an orc (sleeping), a giant cockroach (sleeping) and
2 bats.

Vanquished Creatures
  Jessica (D:2)
  Robin (D:2)
  3 gnolls (D:2)
  2 adders
  An ooze (D:1)
  A worm (D:3)
  7 dart slugs
  4 leopard geckos
  3 giant cockroaches
  12 goblins
  4 hobgoblins
  6 jackals
  2 quokkas (D:2)
  3 bats (D:2)
  3 frilled lizards
  6 kobolds
  4 rats
63 creatures vanquished.

Notes
Turn   | Place    | Note
-------+----------+-------------------------------------------
     0 | D:1      | Nattfarinn the Octopode Assassin began the quest for the Orb.
     0 | D:1      | Reached XP level 1. HP: 14/14 MP: 1/1
    39 | D:1      | Reached XP level 2. HP: 15/19 MP: 2/2
   188 | D:1      | Reached skill level 6 in Stealth
   642 | D:1      | Reached XP level 3. HP: 24/24 MP: 3/3
  1075 | D:2      | Reached skill level 7 in Stealth
  1075 | D:2      | Reached XP level 4. HP: 9/30 MP: 4/4
  1361 | D:2      | Noticed Robin
  1847 | D:2      | Killed Robin
  2029 | D:2      | Reached XP level 5. HP: 33/35 MP: 5/5
  2130 | D:2      | Noticed Jessica
  2133 | D:2      | Killed Jessica
  2133 | D:2      | Reached skill level 8 in Stealth
  2230 | D:3      | Noticed an ice beast
  2264 | D:3      | Gained mutation: Your system is resistant to poisons. (rPois) [potion of mutation]
  2264 | D:3      | Gained mutation: You are dopey. (Int -2) [potion of mutation]
  2264 | D:3      | Gained mutation: You are agile. (Dex +2) [potion of mutation]
  2264 | D:3      | Gained mutation: You have very sharp teeth. [potion of mutation]
  2274 | D:3      | Slain by an ice beast

Skill      XL: |  1  2  3  4  5 |
---------------+----------------+-----
Stealth        | 6 7 8 |  8.3
Fighting       | |  2.5
Short Blades   | |  2.8
Throwing       | |  2.0
Dodging        | |  1.0

Action                   |  1- 3 |  4- 6 || total
-------------------------+-------+-------++-------
Melee: Dagger            |    60 |    63 ||   123
       Tentacles         |    13 |     6 ||    19
       Constrict         |    12 |    12 ||    24
 Fire: Blowgun           |       |     3 ||     3
  Use: Potion            |       |     3 ||     3
 Stab: Sleeping          |    10 |     7 ||    17
       Distracted        |       |     3 ||     3
  Eat: Chunk             |       |     4 ||     4
Armor: Skin              |     3 |     3 ||     6
Dodge: Dodged            |    35 |    24 ||    59
